 Dungeon Crawl Stone Soup version 0.27.1 (webtiles) character file.

Game seed: 8467410599313647750

312 ZARRMARR the Sneak (level 6, -4/41 HPs)
             Began as an Octopode Transmuter on Sept 4, 2021.
             Was an Initiate of Sif Muna.
             Slain by a phantom (9 damage)
             ... on level 5 of the Dungeon.
             The game lasted 00:13:35 (4663 turns).

ZARRMARR the Sneak (Octopode Transmuter)            Turns: 4663, Time: 00:13:36

Health: -4/41      AC:  1    Str:  9    XL:     6   Next: 42%
Magic:  5/10       EV: 14    Int: 18    God:    Sif Muna [......]
Gold:   142        SH:  0    Dex: 18    Spells: 9/11 levels left

rFire    . . .     SeeInvis .   k - +1 long sword "Futwiox" {venom, *Rage +Blink Dex+6}
rCold    . . .     Faith    .   (no shield)
rNeg     . . .     Spirit   .   (helmet restricted)
rPois    .         Reflect  .   (no amulet)
rElec    .         Harm     .   (no ring)
rCorr    .         Rampage  .   (no ring)
Will     .....     Rnd*Rage +   (no ring)
Stlth    ++++......             (no ring)
HPRegen  0.13/turn              (no ring)
MPRegen  0.12/turn              (no ring)
                                (no ring)
                                (no ring)

@: mighty, about to teleport, very slightly contaminated
A: almost no armour, amphibious, 8 rings, camouflage 1, gelatinous body 1,
(nimble swimmer 1), tentacles
a: Renounce Religion, Evoke Blink


You were on level 5 of the Dungeon.
You worshipped Sif Muna.
Sif Muna was noncommittal.
You visited 1 branch of the dungeon, and saw 5 of its levels.

You collected 142 gold pieces.

Inventory:

Hand Weapons
 k - the +1 long sword "Futwiox" (weapon) {venom, *Rage +Blink Dex+6}
   (You found it on level 5 of the Dungeon)

   It poisons the flesh of those it strikes.
   Dex:       It affects your dexterity (+6).
   +Blink:    It lets you blink.
   *Rage:     It may make you go berserk in combat.
Magical Staves
 c - a staff of earth
Wands
 i - a wand of iceblast (8)
Scrolls
 f - a scroll of silence
 h - 2 scrolls of fear {unknown}
Potions
 b - a potion of haste {unknown}
 d - a potion of heal wounds {unknown}
 e - a potion of degeneration {unknown}
 j - a potion of might


   Skills:
 + Level 2.7 Fighting
 + Level 0.5 Long Blades
 + Level 3.3 Dodging
 + Level 3.7 Stealth
 - Level 3.0 Unarmed Combat
 + Level 3.1 Spellcasting
 + Level 0.0 Conjurations
 - Level 3.3 Transmutations
 + Level 0.6 Invocations


You had 9 spell levels left.
You knew the following spells:

 Your Spells              Type           Power      Damage    Failure   Level
a - Magic Dart            Conj           8%         1d3       16%         1
b - Beastly Appendage     Tmut           28%        N/A       4%          1

Your spell library contained the following spells:

 Spells                   Type           Power      Damage    Failure   Level
 Wereblood                Tmut           14%        N/A       6%          2
 Call Imp                 Summ           2%         N/A       24%         2
 Sublimation of Blood     Necr           1%         N/A       24%         2
 Spider Form              Tmut/Pois      4%         N/A       24%         3
 Mephitic Cloud           Conj/Pois/Air  2%         N/A       43%         3
 Ice Form                 Ice/Tmut       8%         N/A       63%         4
 Petrify                  Tmut/Erth      8%         N/A       63%         4
 Irradiate                Conj/Tmut      4%         3d14      92%         5


Dungeon Overview and Level Annotations

Branches:
Dungeon (5/15)
 Temple: D:4-7

Altars:
Dithmenos
Sif Muna
Uskayaw
Xom

Shops:
D:2 ?

Annotations:
D:3 3 runed translucent doors, nxtlvl's ghost, weakling DEMo
D:4 exclusion: ogre
D:5 exclusion: water moccasin


Innate Abilities, Weirdness & Mutations

You cannot wear most types of armour.
You are amphibious.
You can wear up to eight rings at the same time.
Your skin changes colour to match your surroundings (Stealth+).
Your rubbery body absorbs attacks. (AC +1, EV +1)
((You are camouflaged near water. (Stealth+)))
You have tentacles for arms and can constrict up to eight enemies at once.


Message History

The magic dart hits the phantom but does no damage.
Casting: Magic Dart (safe; 16% risk of failure)
Confirm with . or Enter, or press ? or * to list all spells.
Aiming: Magic Dart (safe; 16% risk of failure)
Press: ? - help, Shift-Dir - straight line, f/p - phantom
Aim: a phantom (100% to hit)
You miscast Magic Dart.
You are very lightly contaminated with residual magic.
Nothing appears to happen.
Casting: Magic Dart (safe; 16% risk of failure)
Confirm with . or Enter, or press ? or * to list all spells.
Aiming: Magic Dart (safe; 16% risk of failure)
Press: ? - help, Shift-Dir - straight line, f/p - phantom
Aim: a phantom (100% to hit)
You miscast Magic Dart.
Nothing appears to happen.
You closely miss the phantom. The phantom misses you.
You barely miss the phantom. The phantom hits you!
The phantom hits you but does no damage.
You hit the phantom. Your squeeze misses the phantom.
The phantom is moderately damaged.
The phantom hits you.
Unknown command.
You closely miss the phantom.
The phantom is moderately damaged.
The phantom hits you!
The phantom blinks!
You blink.
The phantom hits you.
The phantom blinks!
You blink.
A centaur comes into view.
As you read the scroll of teleportation, it crumbles to dust.
You feel strangely unstable. The phantom hits you.
The phantom blinks!
You blink.
You miss the phantom. You squeeze the phantom!
The phantom is severely damaged.
The phantom hits you!
* * * LOW HITPOINT WARNING * * *
The phantom blinks!
You blink.
Found a robe.
Found a stone staircase leading down.
It was a potion of might.
You feel very mighty all of a sudden. The phantom hits you!
You die...

...# .# .c##> .#
..#[. #.# # ##.#.##
#.####.#.§#..#..#
....##...§.....#
..#..####.#.####
######...##....W....#
.O........#.#§.#@#..#
######..#.#[##.#..#.#
..)<...§...$...#...##
.#####.##.##########
.# #.##.# .# #.## #.#
.# #.##.# #.# .#
#.##.# #.# .#
###.##.# #.#


You could see a phantom.

Vanquished Creatures
  An ogre (D:5)
  2 bullfrog skeletons
  3 gnolls (D:3)
  7 adders
  An adder skeleton (D:4)
  2 worms
  3 dart slugs
  An orc (D:4)
  8 endoplasms
  A giant cockroach (D:2)
  7 goblins
  4 hobgoblins
  4 kobolds
  A quokka (D:1)
  7 ball pythons
  9 bats
  3 frilled lizards
  2 rats
66 creatures vanquished.

Vanquished Creatures (others)
  2 fungi (D:3)
  2 plants (D:3)
4 creatures vanquished.

Grand Total: 70 creatures vanquished

Notes
Turn   | Place    | Note
-------+----------+-------------------------------------------
     0 | D:1      | ZARRMARR the Octopode Transmuter began the quest for the
                  | Orb.
     0 | D:1      | Reached XP level 1. HP: 13/13 MP: 3/3
   271 | D:1      | Reached XP level 2. HP: 17/18 MP: 3/5
   273 | D:1      | Reached skill level 1 in Stealth
   856 | D:1      | Found a faded altar of an unknown god.
  1092 | D:2      | Reached XP level 3. HP: 22/23 MP: 4/6
  1383 | D:2      | Found Wiymnen's Magic Scroll Shoppe.
  1949 | D:2      | Reached XP level 4. HP: 18/29 MP: 7/7
  2467 | D:3      | Found a runed translucent gate.
  2469 | D:3      | Found a runed translucent gate.
  2469 | D:3      | Noticed a kobold brigand
  2470 | D:3      | Found a runed translucent gate.
  2473 | D:3      | Noticed nxtlvl's ghost (weakling DEMo)
  2998 | D:3      | Found a shadowy altar of Dithmenos.
  3784 | D:3      | Learned a level 1 spell: Magic Dart
  3795 | D:4      | Reached XP level 5. HP: 33/34 MP: 0/9
  4002 | D:4      | Noticed an ogre
  4132 | D:4      | Noticed a black bear
  4143 | D:5      | Entered Level 5 of the Dungeon
  4195 | D:5      | Found a shimmering blue altar of Sif Muna.
  4199 | D:5      | Became a worshipper of Sif Muna the Loreminder
  4257 | D:5      | Noticed a water moccasin
  4414 | D:5      | Found a shimmering altar of Xom.
  4442 | D:5      | Found a hide-covered altar of Uskayaw.
  4540 | D:5      | Reached XP level 6. HP: 30/41 MP: 7/10
  4623 | D:5      | Identified the +1 long sword "Futwiox" {venom, *Rage +Blink
                  | Dex+6}
  4663 | D:5      | Slain by a phantom

Illustrated notes

Levels and vault maps discovered:
D:1:      moated_graveyard_arrival, layout_loops_ring,
          shapermc_ecumenical_altar_flowoftime
D:2:      layout_loops_ring, serial_shops, shop_scrolls, serial_glass,
          glass_columns_a, glass_columns_b
D:3:      layout_basic, grunt_dithmenos_smoke, gammafunk_ghost_nasty_kobolds,
          minmay_cupped
D:4:      layout_cave_pools, serial_shops, shop, serial_park,
          serial_park_square2, serial_park_tiny_1, serial_park_tiny_1,
          serial_park_gazebo [serial_park_minivault_5x5_1], uniq_grinder,
          uniq_ijyb
D:5:      layout_loops_ring, marbit_many_paths, mainiacjoe_overflow_two_lobes,
          minmay_temple_entry_enclosed_plants, hangedman_abyss_or_decor_passed

Skill      XL: |  1  2  3  4  5 |
---------------+----------------+-----
Stealth        | 1 2 3 |  3.7
Fighting       | 2 |  2.7
Dodging        | 3 |  3.3
Transmutations | 3 |  3.3
Spellcasting   | 3 |  3.1
Long Blades    | |  0.5
Unarmed Combat | |  3.0
Invocations    | |  0.6

Action                   |  1- 3 |  4- 6 || total
-------------------------+-------+-------++-------
Melee: Unarmed           |    77 |     5 ||    82
       Constrict         |    18 |    16 ||    34
       Kick              |    11 |     4 ||    15
       Tentacles         |     7 |    16 ||    23
       Whip              |       |    58 ||    58
       Punch             |       |     1 ||     1
       Long sword        |       |     7 ||     7
 Cast: Beastly Appendage |    25 |     7 ||    32
       Magic Dart        |       |    28 ||    28
  Use: Scroll            |     2 |     3 ||     5
       Potion            |       |     1 ||     1
 Stab: Sleeping          |    10 |     8 ||    18
Armor: Skin              |     4 |     3 ||     7
Dodge: Dodged            |    39 |    28 ||    67
       Rpst.: Long sword |       |     1 ||     1
